 Dungeon Crawl Stone Soup version 0.27-a0-1065-ge809cff456 (console) character file.

Game seed: 7125625738411249349

1108 nht the Combatant (level 8, -1/54 HPs)
             Began as a Demonspawn Artificer on Apr 23, 2021.
             Was a Follower of Okawaru.
             Slain by a white imp (5 damage)
             ... on level 5 of the Dungeon.
             The game lasted 00:14:18 (6864 turns).

nht the Combatant (Demonspawn Artificer)            Turns: 6864, Time: 00:14:20

Health: -1/54      AC:  7    Str: 12    XL:     8   Next: 11%
Magic:  21/21      EV: 10    Int: 15    God:    Okawaru [*.....]
Gold:   194        SH:  0    Dex: 14    Spells: 6/7 levels left

rFire    . . .     SeeInvis .   p - staff of death
rCold    . . .     Faith    .   (no shield)
rNeg     + + .     Spirit   .   q - +0 ring mail of Good Intentions {rN+ MP+9}
rPois    .         Reflect  .   (no helmet)
rElec    .         Harm     .   o - scarf {shadows}
rCorr    .         Rampage  .   g - +0 pair of gloves
Will     +....                  r - +0 pair of boots
Stlth    +.........             (no amulet)
HPRegen  0.18/turn              l - ring of willpower
MPRegen  0.17/turn              (no ring)

@: no status effects
A: hooves 1, demonic guardian 1, demonic magic 3
a: Renounce Religion, Heroism


You were on level 5 of the Dungeon.
You worshipped Okawaru.
Okawaru was aware of your devotion.
You visited 2 branches of the dungeon, and saw 6 of its levels.

You collected 194 gold pieces.

Inventory:

Hand Weapons
 a - a +0 club
 k - a +1 short sword of freezing
Armour
 f - a +0 tower shield
 g - a +0 pair of gloves (worn)
 o - a scarf of shadows (worn)
 q - the +0 ring mail of Good Intentions (worn) {rN+ MP+9}
   (You found it on level 5 of the Dungeon)

   It protects you from negative energy.
   It affects your magic capacity (+9).
 r - a +0 pair of boots (worn)
Magical Staves
 p - a staff of death (weapon)
Jewellery
 l - a ring of willpower (left hand)
Wands
 d - a wand of charming (7)
 j - a wand of iceblast (9)
Scrolls
 i - a scroll of fog {unknown}
Potions
 c - a potion of mutation {unknown}
 h - 2 potions of attraction
 m - a potion of curing
 n - 2 potions of brilliance
Miscellaneous
 e - a piece from Xom's chessboard (10/15) (quivered)


   Skills:
 - Level 1.0 Fighting
 + Level 4.4 Staves
 - Level 1.7 Armour
 - Level 0.8 Dodging
 - Level 0.8 Stealth
 - Level 6.0 Necromancy
 + Level 6.4 Invocations
 - Level 4.0 Evocations


You had 6 spell levels left.
You knew the following spells:

 Your Spells              Type           Power      Damage    Failure   Level
a - Animate Skeleton      Necr           54%        N/A       4%          1

Your spell library contained the following spells:

 Spells                   Type           Power      Damage    Failure   Level
 Apportation              Tloc           0%         N/A       52%         1
 Corona                   Hex            0%         N/A       52%         1
 Freeze                   Ice            0%         1d3       52%         1
 Magic Dart               Conj           0%         1d3       52%         1
 Summon Small Mammal      Summ           0%         N/A       52%         1
 Blink                    Tloc           N/A        N/A       65%         2
 Call Imp                 Summ           0%         N/A       65%         2
 Slow                     Hex            0%         N/A       65%         2
 Conjure Flame            Conj/Fire      0%         6-21      87%         3
 Frozen Ramparts          Ice            0%         1d2       87%         3
 Mephitic Cloud           Conj/Pois/Air  0%         N/A       87%         3
 Ozocubu's Armour         Ice            0%         N/A       87%         3
 Hailstorm                Conj/Ice       0%         3d3       99%         4
 Metabolic Englaciation   Hex/Ice        0%         N/A       100%        5


Dungeon Overview and Level Annotations

Branches:
Dungeon (5/15)             Temple (1/1) D:4

Altars:
Cheibriados
Dithmenos
Elyvilon
Fedhas
Hepliaklqana
Kikubaaqudgha
Makhleb
Nemelex Xobeh
Okawaru
Qazlal
Ru
Sif Muna
Trog
Uskayaw
Wu Jian
Yredelemnul
The Shining One

Annotations:
D:4 Pikel


Innate Abilities, Weirdness & Mutations

You have large cloven feet.
A weak demonic guardian rushes to your aid.
Spells you cast and wands you use may paralyse nearby enemies.


Message History

The yak completely misses you.
You hit the yak but do no damage.
The yak is heavily wounded.
The white imp gestures at you. The puff of frost hits you. The yak gores you.
You barely miss the yak.
The yak is heavily wounded.
The white imp hits you. The white imp freezes you. The yak gores you!
* * * LOW HITPOINT WARNING * * *
A demonic guardian appears!
You hit the yak but do no damage.
The yak is heavily wounded.
The white imp misses you. The yak gores you.
* * * LOW HITPOINT WARNING * * *
Your ufetubus hits the yak but does no damage. x2
You closely miss the yak.
The yak is heavily wounded.
Your ufetubus hits the yak but does no damage.
Your ufetubus hits the yak. The white imp completely misses you.
The yak barely misses your ufetubus.
Your ufetubus hits the yak but does no damage.
Your ufetubus closely misses the yak.
You strike the helpless yak from behind!
You hit the yak.
The yak writhes in agony.
The yak is severely wounded.
The white imp gestures at you. The puff of frost hits you.
* * * LOW HITPOINT WARNING * * *
The yak barely misses you.
Your ufetubus hits the yak but does no damage. x2
Your ufetubus hits the yak but does no damage. x2
The yak barely misses your ufetubus.
You barely miss the yak.
The yak is severely wounded.
Your ufetubus hits the yak. x2; The yak gores you.
* * * LOW HITPOINT WARNING * * *
The white imp hits you.
* * * LOW HITPOINT WARNING * * *
The white imp freezes you.
You die...

███.........███ ..█...
.█..██..██..█.█ .....>
....██..██....███........
....██████.[█...........██
....██████.......████....██
.....█..█.....█.?█ █......█$
............███..███........
............█....█Y........
...........███..@YYY.....██
..<......██ ██..55█.......█
..████...█ ██..████Y......█.
...█ ██..███..████.$.Y......
..██ ██..██................
.████████........█.........█
██....████.██.██████.....S.█
██..█.█.....████ ..██.....
....█.....█....████..█ ..█..


You could see 4 yaks, a white imp and a friendly ufetubus (summoned).

Vanquished Creatures
  Sigmund (D:2)
  Eustachio (D:4)
  Edmund (D:4)
  2 scorpions (D:5)
  An ogre (D:4)
  2 hounds (D:5)
  An orc priest (D:3)
  An iguana (D:4)
  A hound zombie (D:5)
  5 gnolls
  6 adders
  2 adder skeletons (D:4)
  7 orcs
  6 endoplasms
  3 giant cockroaches
  2 hobgoblins (D:3)
  8 jackals
  4 quokkas
  5 ball pythons
  6 bats
  2 frilled lizards (D:3)
  8 goblins
  7 kobolds
  4 rats
86 creatures vanquished.

Vanquished Creatures (collateral kills)
  A black bear (D:5)
  A lemure (D:5)
  A phantom (D:5)
  A howler monkey skeleton (D:4)
  2 gnolls (D:2)
  An adder (D:4)
  2 orcs
9 creatures vanquished.

Grand Total: 95 creatures vanquished

Notes
Turn   | Place    | Note
-------+----------+-------------------------------------------
     0 | D:1      | nht the Demonspawn Artificer began the quest for the Orb.
     0 | D:1      | Reached XP level 1. HP: 15/15 MP: 1/1
   267 | D:1      | Gained mutation: Spells you cast may paralyse adjacent
                  | enemies. [demonic ancestry]
   267 | D:1      | Reached XP level 2. HP: 16/21 MP: 2/2
   775 | D:1      | Found a faded altar of an unknown god.
   817 | D:1      | Learned a level 1 spell: Animate Skeleton
  1105 | D:2      | Gained mutation: Spells you cast may paralyse nearby
                  | enemies. [demonic ancestry]
  1105 | D:2      | Reached XP level 3. HP: 26/26 MP: 3/3
  1134 | D:2      | Reached skill level 1 in Necromancy
  1534 | D:2      | Noticed Sigmund
  1747 | D:2      | Killed Sigmund
  1748 | D:2      | Reached skill level 5 in Necromancy
  1748 | D:2      | Gained mutation: Spells you cast and wands you use may
                  | paralyse nearby enemies. [demonic ancestry]
  1748 | D:2      | Reached XP level 4. HP: 23/32 MP: 4/4
  1748 | D:2      | Reached XP level 5. HP: 26/37 MP: 5/5
  2507 | D:3      | Gained mutation: A weak demonic guardian rushes to your
                  | aid. [demonic ancestry]
  2507 | D:3      | Reached XP level 6. HP: 25/43 MP: 6/6
  3160 | D:4      | Noticed Eustachio
  3162 | D:4      | Noticed Pikel
  3187 | D:4      | Found a staircase to the Ecumenical Temple.
  3220 | Temple   | Entered the Ecumenical Temple
  3591 | Temple   | Became a worshipper of Warmaster Okawaru
  3649 | D:4      | Reached skill level 1 in Staves
  3649 | D:4      | Reached skill level 1 in Invocations
  4107 | D:4      | Killed Eustachio
  4108 | D:4      | Reached XP level 7. HP: 14/48 MP: 7/9
  4404 | D:5      | Entered Level 5 of the Dungeon
  4860 | D:5      | Noticed a yak
  5646 | D:4      | Noticed Edmund
  5944 | D:4      | Killed Edmund
  5945 | D:4      | Reached skill level 5 in Invocations
  6166 | D:4      | Found a sacrificial altar of Ru.
  6312 | D:5      | Identified the +0 ring mail of Good Intentions {rN+ MP+9}
  6511 | D:5      | Reached * piety under Okawaru
  6554 | D:5      | Gained mutation: You have large cloven feet. [demonic
                  | ancestry]
  6554 | D:5      | Reached XP level 8. HP: 9/54 MP: 12/12
  6864 | D:5      | Slain by a white imp

Illustrated notes

Levels and vault maps discovered:
D:1:      dpeg_arrival_another_circle, layout_basic, basic_ecumenical_altar,
          minivault_24
D:2:      layout_rooms, uniq_sigmund
D:3:      layout_loops_cross, kennysheep_generic_room_4
D:4:      layout_basic, kennysheep_mini, minmay_temple_entry_statues_pillars,
          uniq_eustachio, uniq_pikel, uniq_edmund
D:5:      layout_cave_pools, hangedman_decor_growths
Temple:   eino_temple_scatter_basement

Skill      XL: |  1  2  3  4  5  6  7 |
---------------+----------------------+-----
Evocations     | 4 |  4.0
Necromancy     | 5 6 |  6.0
Staves         | 2 4 |  4.4
Invocations    | 3 6 |  6.4
Fighting       | |  1.0
Armour         | |  1.7
Dodging        | |  0.8
Stealth        | |  0.8

Action                   |  1- 3 |  4- 6 |  7- 9 || total
-------------------------+-------+-------+-------++-------
Melee: Club              |    56 |       |       ||    56
       Short sword       |    49 |       |       ||    49
       Staff             |    14 |   132 |   208 ||   354
Evoke: Piece from Xom's  |    16 |     8 |     4 ||    28
       Wand              |     9 |     7 |     9 ||    25
  Use: Scroll            |     1 |     6 |     1 ||     8
       Potion            |       |     5 |       ||     5
 Stab: Petrified         |    16 |     3 |    14 ||    33
       Paralysed         |     2 |    13 |     5 ||    20
       Sleeping          |     2 |     5 |     1 ||     8
       Confused          |       |     1 |     2 ||     3
       Distracted        |       |     1 |     2 ||     3
       Petrifying        |       |       |     1 ||     1
Armor: Leather armour    |    36 |    30 |    36 ||   102
       Ring mail         |       |       |    22 ||    22
Dodge: Dodged            |    51 |    79 |   122 ||   252

Table legend: (Time is in decaauts)
 A = Elapsed time spent in this place.
 B = Non-inter-level travel time spent in this place.
 C = Inter-level travel time spent in this place.
 D = Time resting spent in this place.
 E = Time spent auto-exploring this place.
 F = Levels seen in this place.
 G = Mean time per level.
                   A        B        C        D        E       F      G
               +--------+--------+--------+--------+--------+-----+--------+
         Total |   6924 |   6616 |    308 |    977 |   4561 |   6 | 1154.0 |
       Dungeon |   6267 |   5983 |    284 |    706 |   4206 |   5 | 1253.4 |
        Temple |    657 |    633 |     24 |    271 |    355 |   1 |  657.0 |
               +--------+--------+--------+--------+--------+-----+--------+

Top non-repeatable levels by time:
     D:4: 1607 daAuts
     D:5: 1463 daAuts
     D:1: 1233 daAuts
     D:2: 1023 daAuts
     D:3: 939 daAuts
  Temple: 657 daAuts
